 Dungeon Crawl Stone Soup version 0.21.1-1-g345015f (webtiles) character file.

2270 sking99 the Cleaver (level 9, -1/77 (78) HPs)
             Began as a Hill Orc Fighter on June 14, 2018.
             Was an Initiate of Yredelemnul.
             Killed by divine providence
             ... invoked by an orc priest
              (12 damage)
             ... on level 6 of the Dungeon.
             The game lasted 00:23:22 (7078 turns).

sking99 the Cleaver (Hill Orc Fighter)              Turns: 7078, Time: 00:23:23

HP:   -1/77 (78)    AC: 13    Str: 22    XL:     9   Next: 38%
MP:   9/9           EV:  5    Int:  8    God:    Yredelemnul [......]
Gold: 360           SH: 10    Dex: 10    Spells: 8/8 levels left

rFire    . . .     SeeInvis .   a - +1 war axe
rCold    . . .     Gourm    .   c - +0 shield
rNeg     . . .     Faith    .   s - +0 plate armour
rPois    .         Spirit   .   (no helmet)
rElec    .         Reflect  .   (no cloak)
rCorr    .         Harm     .   (no gloves)
MR       .....                  (no boots)
Stlth    ..........             (no amulet)
HPRegen  0.22/turn              (no ring)
MPRegen  0.11/turn              (no ring)

@: no status effects
A: no striking features
a: Renounce Religion, Convert to Beogh


You were on level 6 of the Dungeon.
You worshipped Yredelemnul.
Yredelemnul was noncommittal.
You were not hungry.

You visited 2 branches of the dungeon, and saw 8 of its levels.

You collected 360 gold pieces.

Inventory:

Hand Weapons
 a - a +1 war axe (weapon)
Armour
 b - a +0 scale mail
 c - a +0 shield (worn)
 s - a +0 plate armour (worn)
Jewellery
 h - a +2 ring of slaying {unknown}
 m - a +4 ring of strength {unknown}
 t - a cursed amulet of inaccuracy {unknown}
 C - an uncursed ring of resist corrosion {unknown}
Wands
 i - a wand of paralysis (14)
 y - a wand of acid (13)
 z - a wand of random effects (24)
 A - a wand of flame (21)
Scrolls
 e - 4 scrolls of teleportation
 l - a scroll of enchant armour {unknown}
 r - a scroll of vulnerability {unknown}
 v - 3 scrolls of identify
 D - 3 scrolls of random uselessness {unknown}
 E - a scroll of remove curse
Potions
 d - 2 potions of might
 g - 2 potions of heal wounds
 j - 2 potions of agility {unknown}
 k - 2 potions of brilliance {unknown}
 n - 2 potions of lignification {unknown}
 o - a potion of haste {unknown}
 p - 6 potions of curing {unknown}
 q - 2 potions of resistance
 u - 2 potions of mutation {unknown}
 w - 2 potions of degeneration {unknown}
 x - 2 potions of flight {unknown}
Books
 B - a book of Frost

   Spells                             Type                      Level
   a - Freeze                         Ice                          1
   b - Throw Frost                    Conjuration/Ice              2
   c - Ozocubu's Armour               Charms/Ice                   3
   d - Throw Icicle                   Conjuration/Ice              4
   e - Summon Ice Beast               Ice/Summoning                4
Comestibles
 f - 4 rations


   Skills:
 + Level 6.8 Fighting
 + Level 10.8 Axes
 + Level 6.6 Armour
 + Level 1.9 Dodging
 + Level 6.3 Shields


You had 8 spell levels left.
You didn't know any spells.

Dungeon Overview and Level Annotations

Branches:
Dungeon (7/15)             Temple (1/1) D:5

Altars:
Cheibriados
Dithmenos
Elyvilon
Gozag
Nemelex Xobeh
Okawaru
Qazlal
Ru
Trog
Uskayaw
Vehumet
Wu Jian
Xom
Yredelemnul
Zin
Lugonu


Message History

The orc priest calls upon Beogh to heal the orc priest.
The orc priest shouts, "Surrender to Beogh and we'll let you live!"
The orc priest is healed somewhat.
You block the orc warrior's attack.
The orc priest begins to cast a cantrip, but forgets the words!
You climb upwards.
There is a stone staircase leading down here.
The orc warrior hits you from afar with a glaive!
The orc priest looks satisfied for a moment.
The orc priest mumbles some strange prayers to Beogh against you.
Beogh smites you!
* * * LOW HITPOINT WARNING * * *
The orc priest mumbles some strange prayers to Beogh against you.
Beogh smites you!
* * * LOW HITPOINT WARNING * * *
You block the orc warrior's attack.
The orc priest calls down the wrath of Beogh upon you.
Beogh smites you!
You die...
Your body rises from the dead as a mindless zombie.

....###........##########
###§#§#
.[..#..........#)..##...## ##§§.
.........................## ##.#
..........................# #..#
..........................# #.##
..........................####.#
..p.....................p......#
...................o...........#
.......#####....@###.#.........#
.......######......o...#######.#
..........# #....###.####...####
#.#######.# #....# #.##)))....##
#..### ##.###....# ###...._..).#
##...#
#...###########.........##
####.#
#.P.###......#....###....#
.....#
#...#...####.#...##y##...#
####.####.###### #.#....###....#


You could see an orc warrior and an orc priest.

Vanquished Creatures
  Pikel (D:6)
  The ghost of Ethylacetat the Slasher, an amateur DsFi (D:4)
  Prince Ribbit (D:6)
  2 sky beasts
  A phantom (D:4)
  A necrophage (D:5)
  3 ogres
  2 centaurs
  2 bullfrogs
  2 crimson imps
  A jelly (D:5)
  2 hounds
  Crazy Yiuf (D:3)
  A bullfrog skeleton (D:5)
  A centaur skeleton (D:5)
  2 worker ants
  Robin (D:3)
  11 adders
  2 shadow imps
  An ooze (D:3)
  4 worms (D:6)
  A dart slug (D:1)
  4 leopard geckos
  3 orcs (D:4)
  4 giant cockroaches
  11 goblins
  7 hobgoblins
  11 jackals
  7 kobolds
  4 quokkas
  6 bats
  8 frilled lizards
  A leopard gecko skeleton (D:5)
  A quokka zombie (D:5)
  6 rats
  A spectral orc (D:6)
  2 bushes (D:2)
  A plant (D:2)
121 creatures vanquished.

Vanquished Creatures (others)
  A slave (D:6)
  A centaur (D:6)
  An iguana (D:6)
3 creatures vanquished.

Grand Total: 124 creatures vanquished

Notes
Turn   | Place    | Note
-------+----------+-------------------------------------------
     0 | D:1      | sking99 the Hill Orc Fighter began the quest for the Orb.
     0 | D:1      | Reached XP level 1. HP: 19/19 MP: 1/1
   177 | D:1      | Reached XP level 2. HP: 27/27 MP: 2/2
   323 | D:1      | Reached skill level 3 in Axes
   705 | D:2      | Reached XP level 3. HP: 31/33 MP: 3/3
  1382 | D:2      | Found an opulent altar of Gozag.
  1855 | D:3      | Reached skill level 4 in Axes
  1855 | D:3      | Reached XP level 4. HP: 40/40 MP: 4/4
  1869 | D:3      | Reached skill level 1 in Dodging
  2055 | D:3      | Noticed Robin
  2068 | D:3      | Killed Robin
  2319 | D:3      | Found a radiant altar of Vehumet.
  2322 | D:3      | Found a hide-covered altar of Uskayaw.
  2325 | D:3      | Found a stormy altar of Qazlal.
  2450 | D:3      | Found a runed door.
  2528 | D:3      | Noticed Crazy Yiuf
  2533 | D:3      | Killed Crazy Yiuf
  2533 | D:3      | Reached XP level 5. HP: 35/47 MP: 5/5
  3107 | D:4      | Reached skill level 5 in Axes
  3295 | D:4      | Noticed Ethylacetat's ghost (amateur DsFi)
  3296 | D:4      | Noticed a phantom
  3314 | D:4      | Killed Ethylacetat's ghost
  3314 | D:4      | Reached skill level 5 in Fighting
  3314 | D:4      | Reached skill level 6 in Axes
  3314 | D:4      | Reached XP level 6. HP: 40/56 MP: 6/6
  3347 | D:4      | Killed a phantom
  3347 | D:4      | Reached XP level 7. HP: 16/61 MP: 7/7
  3778 | D:5      | Entered Level 5 of the Dungeon
  3973 | D:5      | Reached skill level 5 in Armour
  4048 | D:5      | Found an iron altar of Okawaru.
  4060 | D:5      | Reached skill level 7 in Axes
  4135 | D:5      | Found a staircase to the Ecumenical Temple.
  4656 | D:5      | Reached skill level 8 in Axes
  4656 | D:5      | Reached XP level 8. HP: 68/68 MP: 8/8
  4872 | D:5      | Found an iron altar of Okawaru.
  5180 | D:6      | Noticed Pikel
  5209 | D:5      | Reached skill level 5 in Shields
  5301 | D:6      | Killed Pikel
  5301 | D:6      | Reached skill level 9 in Axes
  5306 | D:6      | Reached skill level 10 in Axes
  5306 | D:6      | Reached XP level 9. HP: 61/77 MP: 9/9
  5343 | Temple   | Entered the Ecumenical Temple
  5734 | D:6      | Noticed Prince Ribbit
  5746 | D:6      | Killed Prince Ribbit
  6305 | D:6      | Found a white marble altar of Elyvilon.
  6344 | D:6      | Noticed a moth of wrath
  6375 | D:6      | Found a bloodstained altar of Trog.
  6546 | D:6      | Found a shadowy altar of Dithmenos.
  6677 | D:6      | Found a basalt altar of Yredelemnul.
  6691 | D:6      | Became a worshipper of Yredelemnul the Dark
  7078 | D:6      | Killed from afar by an orc priest

Skill      XL: |  1  2  3  4  5  6  7  8  9 |
---------------+----------------------------+-----
Fighting       | 4 5 6 |  6.8
Axes           | 3 4 6 8 10 | 10.8
Dodging        | 1 |  1.9
Armour         | 4 5 6 |  6.6
Shields        | 4 5 6 |  6.3

Action                   |  1- 3 |  4- 6 |  7- 9 || total
-------------------------+-------+-------+-------++-------
Melee: War axe           |   219 |   108 |   230 ||   557
  Use: Scroll            |       |       |     7 ||     7
  Eat: Chunk             |     3 |     2 |     2 ||     7
       Ration            |       |     2 |     2 ||     4
Armor: Scale mail        |    52 |    47 |    13 ||   112
       Plate armour      |       |       |   119 ||   119
Dodge: Dodged            |    41 |    24 |    74 ||   139
Block: Shield            |    76 |    51 |   162 ||   289
